AoeStats
← Miss_Mulberry

African Clearing

510385278Analyzed
4v4 RM · 1d ago on Sep 30, 2026· 49m 21s· 8 players
Game mode
Random Map
Map size
Large (8 player)
Population
200
Speed
Normal
Resources
Standard
Victory
Conquest
Starting age
Dark Age
Ending age
Imperial Age
RankedLock teamsTeams togetherTeam positionsShared explorationLock speedFull tech treeHidden civsTurbo modeCheats
Victory
Defeat
🇺🇸 Danes · United States
1171
+13
🇩🇪 Goths · Germany
1159
+14
🇹🇼 Burgundians · Taiwan
1130
+15
🇪🇸 Vietnamese · Spain
1103
+16
🇩🇪 Wei · Germany
1184
-18
🇩🇪 Japanese · Germany
1127
-15
🇩🇪 Britons · Germany
1078
-13
🇩🇪 Huns · Germany
1057
-12
FABS
8:35 Loom
15:06 Feudal Age
15:12 Man-at-Arms
17:34 Forging
19:06 Double-Bit Axe
19:05 Horse Collar
25:09 Castle Age
24:29 Wheelbarrow
25:06 Stone Mining
26:28 Padded Archer Armor
27:20 Town Watch
28:45 Bow Saw
28:44 Heavy Plow
29:40 Gold Mining
33:11 Stone Shaft Mining
34:52 Hand Cart
35:11 Leather Archer Armor
34:48 Elite Skirmisher
36:30 Fletching
45:27 Imperial Age
43:00 Town Patrol
43:39 Iron Casting
43:04 Scale Mail Armor
43:28 Anarchy
43:47 Masonry
44:01 Squires
44:02 Bodkin Arrow
44:30 Ballistics
44:07 Murder Holes
45:14 Treadmill Crane
46:34 Conscription
46:15 Perfusion
47:43 Chemistry
47:19 Chain Mail Armor
48:07 Crop Rotation
49:11 Blast Furnace
48:52 Architecture
矮脚虎王英
4:06 Loom
5:03 Loom
15:29 Feudal Age
20:18 Castle Age
18:58 Double-Bit Axe
20:26 Stone Mining
21:42 Bow Saw
22:56 Horse Collar
32:27 Sanctity
38:06 Sanctity
42:38 Imperial Age
42:14 Stone Shaft Mining
41:33 Gold Mining
44:47 Squires
44:14 Pikeman
45:20 Arson
46:16 Halberdier
Mameluco adbuser
3:15 Loom
13:46 Feudal Age
14:26 Double-Bit Axe
15:43 Horse Collar
16:51 Town Watch
22:44 Castle Age
21:12 Fletching
22:51 Padded Archer Armor
23:09 Crossbowman
29:50 Ballistics
34:29 Bow Saw
38:21 Bodkin Arrow
41:26 Leather Archer Armor
43:21 Heavy Plow
45:26 Scale Barding Armor
45:32 Forging
46:27 Wheelbarrow
46:03 Husbandry
46:17 Bloodlines
46:50 Chain Barding Armor
48:26 Gold Mining
marshonginn
3:17 Loom
14:32 Feudal Age
13:07 Double-Bit Axe
13:36 Horse Collar
14:50 Gold Mining
15:43 Bow Saw
20:52 Castle Age
21:57 Gold Shaft Mining
21:37 Town Watch
22:30 Wheelbarrow
23:27 Scale Barding Armor
23:27 Heavy Plow
23:40 Cavalier
26:26 Husbandry
27:27 Fervor
27:33 Guilds
27:34 Forging
33:09 Chain Barding Armor
34:48 Iron Casting
35:45 Hand Cart
42:38 Imperial Age
41:43 Two-Man Saw
40:38 Fletching
41:24 Crop Rotation
41:30 Burgundian Vineyards
42:11 Town Patrol
41:41 Light Cavalry
42:48 Elite Coustillier
44:38 Blast Furnace
45:21 Plate Barding Armor
45:51 Chemistry
45:55 Conscription
45:23 Elite Skirmisher
47:21 Stone Mining
48:23 Scale Mail Armor
Miss_Mulberry
12:16 Loom
14:02 Feudal Age
18:58 Castle Age
20:02 Fletching
20:41 Crossbowman
23:27 Double-Bit Axe
28:54 Bow Saw
Lady_Sunflower
14:37 Feudal Age
15:34 Loom
20:35 Castle Age
21:47 Wheelbarrow
25:02 Elite Skirmisher
26:55 Double-Bit Axe
31:42 Bow Saw
31:17 Horse Collar
37:24 Fletching
38:10 Padded Archer Armor
41:08 Scale Barding Armor
41:35 Heavy Plow
43:24 Leather Archer Armor
43:10 Gold Mining
43:11 Stone Mining
44:32 Forging
45:30 Thumb Ring
45:39 Thumb Ring
46:37 Thumb Ring
46:32 Bodkin Arrow
47:34 Marauders
49:01 Bloodlines
48:53 Husbandry
49:16 Chain Barding Armor
49:33 Iron Casting
doneflamingo
7:25 Loom
12:06 Feudal Age
12:44 Double-Bit Axe
12:31 Man-at-Arms
14:22 Fletching
15:26 Town Watch
23:18 Castle Age
21:56 Padded Archer Armor
23:39 Wheelbarrow
23:57 Bodkin Arrow
24:44 Bloodlines
27:53 Husbandry
31:06 Bow Saw
32:41 Leather Archer Armor
34:41 Hand Cart
38:11 Ballistics
41:36 Imperial Age
39:57 Scale Mail Armor
39:18 Pikeman
40:25 Forging
41:05 Chain Mail Armor
41:45 Thumb Ring
42:03 Squires
42:42 Iron Casting
42:55 Heavy Cavalry Archer
43:53 Bracer
45:22 Conscription
44:34 Halberdier
45:53 Plate Mail Armor
45:54 Ring Archer Armor
48:02 Parthian Tactics
49:41 Blast Furnace
48:59 Murder Holes
49:15 Masonry
astig_aoe
8:18 Loom
12:57 Feudal Age
19:58 Castle Age
22:47 Bloodlines
23:53 Scale Barding Armor
26:17 Double-Bit Axe
33:10 Fletching
33:20 Horse Collar
40:29 Imperial Age
38:36 Husbandry
39:36 Chain Barding Armor
39:26 Forging
42:08 Iron Casting
45:00 Blast Furnace
46:25 Elite Tiger Cavalry
Connection lost

Rejoining the realm…

Still unreachable

The connection could not be restored.

Session expired

The server has moved on; the page needs a fresh start.